 Dungeon Crawl Stone Soup version bcrawl-1.28.1b (webtiles) character file.

Game seed: 15295644490223359289

529440 Morbidden the Blocker (level 15, -8/90 HPs)
             Began as a Skeleton Fighter on Dec 16, 2020.
             Was the Champion of Cheibriados.
             Killed by dispel undead
             ... invoked by Josephine
              (31 damage)
             ... on level 11 of the Dungeon.
             The game lasted 00:42:28 (19979 turns).

Morbidden the Blocker (Skeleton Fighter)           Turns: 19979, Time: 00:42:28

Health: -8/90      AC: 23    Str: 42      XL:     15   Next: 13%
Magic:  0/30       EV: 22    Int: 27      God:    Cheibriados [******]
Gold:   2439       SH: 23    Dex: 22 (23) Spells: 28/37 levels left

rFire    + + .     SeeInvis .   a - +11 long sword of the Saving Boar {drain, Stlth+}
rCold    + + +     Gourm    .   c - +1 medium shield
rNeg     + + +     Faith    .   R - +3 gold dragon scales
rPois    ∞         Spirit   +   f - +0 helmet
rElec    .         Reflect  .   P - scarf {rC+ rF+}
rCorr    .         Harm     .   q - +0 pair of gloves {Str+3}
MR       ++...                  (no boots)
Stlth    ..........             n - amulet of magic regeneration
HPRegen  0.25/turn              e - +5 ring of evasion
MPRegen  0.47/turn              u - +4 ring of evasion

@: studying Unarmed Combat, very slow
A: no food or potions, cold resistance 1, deterioration 1, negative energy
resistance 3, powered by death 1, torment resistance, unbreathing, magic shield,
sturdy frame 2, spell healing
a: Bend Time, Temporal Distortion, Slouch, Step From Time, Renounce Religion


You were on level 11 of the Dungeon.
You worshipped Cheibriados.
Cheibriados was exalted by your worship.
You were not hungry.

You visited 4 branches of the dungeon, and saw 20 of its levels.
You also visited: Ossuary and Gauntlet.

You collected 3583 gold pieces.
You spent 1144 gold pieces at shops.

Inventory:

Hand Weapons
 a - the +11 long sword of the Saving Boar (weapon) {drain, Stlth+}
   (You found it on level 6 of the Dungeon)

   A truly terrible weapon, it drains the life of those it strikes.
   It makes you more stealthy.
 b - a +3 scimitar of flaming
 h - a +1 war axe
 o - a +0 flail of crushing
 W - a +0 broad axe
Missiles
 v - 921 poisoned tomahawks (quivered)
 D - 95 javelins
 V - 268 javelins of penetration {=f}
Armour
 c - a +1 medium shield (worn)
 f - a +0 helmet (worn)
 q - a +0 pair of gloves of strength (worn)
 w - a +0 cloak
 P - a scarf of resistance (worn)
 Q - the +8 salamander hide armour {+Fog rF++ rC-}
   (You found it on level 5 of the Lair of Beasts)

   It greatly protects you from fire.
   It makes you vulnerable to cold.
 R - +3 gold dragon scales (worn)
Jewellery
 e - a +5 ring of evasion (left hand)
 g - an uncursed ring of protection from cold
 j - an uncursed ring of protection from cold
 n - an amulet of magic regeneration (around neck)
 u - a +4 ring of evasion (right hand)
 y - an uncursed ring of wizardry
 z - an uncursed ring of magical power
 B - an uncursed ring of protection from fire
 I - an uncursed ring of protection from magic
 J - an uncursed ring of see invisible
 N - the ring of the Leaf {+Fly Str+4}
   (You found it in a Gauntlet)

   [ring of strength]

   It affects your strength (+4).
   It lets you fly.
Wands
 r - a wand of polymorph (34)
 s - a wand of digging (10)
 t - a wand of disintegration (27)
 A - a wand of acid (14)
 E - a wand of random effects (16)
 K - a wand of paralysis (8)
 M - a wand of scattershot (12)
 U - a wand of enslavement (10)
Scrolls
 d - 6 scrolls of teleportation
 k - 6 scrolls of identify
 l - 9 scrolls of remove curse
 m - 2 scrolls of blinking
 p - 7 scrolls of amnesia
 C - 2 scrolls of summoning
 F - a scroll of fear
 G - 3 scrolls of enchant weapon
 H - 2 scrolls of brand weapon
 L - 2 scrolls of fog
Books
 i - a manual of Unarmed Combat
Miscellaneous
 O - a box of beasts
 S - a sack of spiders
 T - a phial of floods (inert)
 X - a phantom mirror


   Skills:
 * Level 9.3 Fighting
 + Level 11.3 Long Blades
 + Level 10.5 Axes
 + Level 2.9 Throwing
 * Level 10.0 Armour
 * Level 8.3 Dodging
 + Level 1.6 Stealth
 * Level 14.7 Shields
 * Level 11.7 Spellcasting
 * Level 5.0 Conjurations
 * Level 4.7 Necromancy
 * Level 5.2 Ice Magic
 * Level 7.1 Invocations


You had 28 spell levels left.
You knew the following spells:

 Your Spells              Type           Power        Failure   Level  Hunger
a - Vampiric Draining     Necr           #####.....   30%         3    N/A
b - Bolt of Cold          Conj/Ice       #####.....   100%        6    N/A

Your spell library contained the following spells:

 Spells                   Type           Power        Failure   Level  Hunger
 Animate Skeleton         Necr           N/A          11%         1    N/A
 Pain                     Necr           #####.       11%         1    N/A
 Sting                    Conj/Pois      ####         26%         1    N/A
 Ensorcelled Hibernation  Hex/Ice        ####..       36%         2    N/A
 Conjure Flame            Conj/Fire      ####....     58%         3    N/A
 Poisonous Vapours        Pois/Air       ###...       71%         2    N/A
 Mephitic Cloud           Conj/Pois/Air  ###.....     71%         3    N/A
 Animate Dead             Necr           N/A          71%         4    N/A
 Ignite Poison            Fire/Tmut/Pois ###.....     91%         3    N/A
 Bolt of Draining         Conj/Necr      #####.....   95%         5    N/A
 Olgreb's Toxic Radiance  Pois           ###......    100%        4    N/A
 Summon Scorpions         Summ/Pois      ###.....     100%        4    N/A
 Metabolic Englaciation   Hex/Ice        ####......   100%        5    N/A
 Venom Bolt               Conj/Pois      ####......   100%        5    N/A
 Borgnjor's Vile Clutch   Necr/Erth      ####......   100%        6    N/A
 Darkness                 Hex            ###.......   100%        6    N/A
 Freezing Cloud           Ice/Air        ####......   100%        6    N/A
 Infestation              Hex/Tmut/Pois  ###......    100%        6    N/A
 Ozocubu's Refrigeration  Ice            #####.....   100%        6    N/A
 Shadow Creatures         Summ           N/A          100%        6    N/A
 Simulacrum               Ice/Necr       #####.....   100%        6    N/A
 Steam Barrier            Chrm/Fire      ###.......   100%        6    N/A
 Time Stop                Chrm/Tloc      N/A          100%        8    N/A
 Regeneration             Chrm/Necr      Unusable     N/A         3    N/A

Dungeon Overview and Level Annotations

Branches:
Dungeon (12/12)            Temple (1/1) D:7            Lair (6/6) D:7
 Shoals (0/3) Lair:4       Spider (0/3) Lair:4        Slime (0/5) Lair:6
    Orc (1/1) D:11            Elf (0/3) Orc
 Vaults: D:11-12     Depths: D:12

Altars:
Ashenzari
Cheibriados
Dithmenos
Elyvilon
Fedhas
Gozag
Hepliaklqana
Kikubaaqudgha
Lugonu
Makhleb
Nemelex Xobeh
Okawaru
Qazlal
Ru
Sif Muna
Uskayaw
Vehumet
Wu Jian
Xom
Zin
The Shining One
Beogh
Jiyva

Shops:
D:9 (   Orc =!?[

Annotations:
D:8 3 runed translucent doors, wpisznazwe's ghost, novice DsGl
D:11 Josephine
D:12 Jorgrun; KristoblXynda's ghost, journeyman SpSk
Lair:2 1 runed translucent door, LostNumber's ghost, journeyman FrFi
Lair:3 3 runed translucent doors, exclusion: 3 oklob plants, Adamkad1's ghost, journeyman DrTm


Innate Abilities, Weirdness & Mutations

You do not eat or drink.
You are immune to poison.
Your flesh is cold resistant. (rC+)
Your body sometimes deteriorates upon taking damage.
You are immune to negative energy. (rN+++)
You regenerate a little health from kills.
You are immune to unholy pain and torment.
You can survive without breathing.
When hurt, damage is shared between your health and your magic reserves.
Your movements are less encumbered by armour. (ER -4)
Casting spells heals you.


Message History

No path to travel!
You hit Josephine.
Josephine is heavily wounded.
You block Josephine's attack. You block the wraith's attack.
You barely miss Josephine.
Josephine is heavily wounded.
Josephine casts a spell at you.
You convulse!
* * * LOW HITPOINT WARNING * * *
You block the wraith's attack.
You slice Josephine!!
Josephine is severely wounded.
You block Josephine's attack. You block the wraith's attack.
No path to travel!
You closely miss Josephine.
Josephine is severely wounded.
Josephine screams, "I have something special for you."
Josephine gestures at you while chanting.
You convulse!
You die...

########.## #..........
#.######.##
############## #.# #.#
#.......##...# #.# #.#
###.......##...## #.#
#.# ..'.......++....##
###'######.#
###.......##....^#
#........#.#
..'.......''(..@@#
#........#.#
#.#.......##...#W##
#........'.#
+.#.......###.....#
#........###
###.......###.....#
###'#'####
...........##.....##
#.#.#
##########.##......#
#.#.####### #####
#.##......## #.#........
....### #.##.......#
#.######### ###...##
#.#######..###.#.......#


You could see Josephine and a wraith.

Vanquished Creatures
  Kirke (D:12)
  An orc warlord (Orc)
  Nessos (D:12)
  A minotaur (Gauntlet)
  Azrael (Orc)
  Urug (D:10)
  Fannar (Lair:1)
  3 catoblepae (Lair:6)
  8 hydras
  Psyche (D:11)
  4 two-headed ogres
  Erica (Lair:1)
  An ogre mage (D:12)
  6 death yaks (Lair:6)
  5 orc high priests (Orc)
  Nergalle (Lair:4)
  4 skeletal warriors (D:11)
  A glowing orange brain (Gauntlet)
  Pikel (D:4)
  A lindwurm (Lair:5)
  An oklob plant (Lair:2)
  A deep elf mage (D:11)
  A wolf spider (Lair:4)
  A wolf spider zombie (D:10)
  3 orc knights (Orc)
  6 orc sorcerers (Orc)
  2 manticores (Lair:6)
  A worldbinder (Gauntlet)
  4 elephants
  3 ugly things
  Maurice (D:8)
  3 merfolk sirens (Lair:4)
  A torpor snail (Lair:3)
  6 cane toads
  2 minotaur zombies (Gauntlet)
  4 black mambas
  2 guardian serpents (D:11)
  3 centaur skeletons
  2 gargoyles
  A rime drake (Lair:1)
  9 komodo dragons
  A redback zombie (D:9)
  An efreet (D:11)
  A tengu conjurer (D:12)
  A yaktaur (D:12)
  A dryad (D:7)
  7 trolls
  3 meliai (D:11)
  A polar bear (Lair:2)
  2 jumping spiders (Lair:4)
  A merfolk (Lair:4)
  A hornet (D:6)
  Prince Ribbit (D:8)
  4 slime creatures
  5 hippogriffs
  7 dream sheep
  A raiju (Gauntlet)
  A meliai zombie (D:11)
  7 blink frogs
  2 redbacks (Lair:4)
  A shadow (D:10)
  A vampire (D:10)
  4 spriggans
  2 wraiths (D:12)
  3 wyverns
  A basilisk (Lair:6)
  23 yaks
  2 fire elementals (Orc)
  A hog (D:12)
  Eustachio (D:3)
  2 hungry ghosts
  A warg (Orc)
  Edmund (D:4)
  An acid dragon (D:11)
  5 crocodiles
  4 sky beasts
  2 hell hounds (Orc)
  8 porcupines
  9 water moccasins
  3 ice beasts (D:5)
  A black bear (D:11)
  37 orc warriors
  An eye of draining (D:9)
  12 ogres
  A phantom (D:10)
  A boggart (Gauntlet)
  6 wolves (Lair:3)
  4 centaurs
  8 bullfrogs
  2 big kobolds
  2 scorpions
  3 wights (D:9)
  10 killer bees
  A statue (D:7)
  4 howler monkeys
  3 crimson imps
  A jelly (D:5)
  A quasit (D:9)
  3 centaur zombies
  A gnoll shaman (D:8)
  A bullfrog skeleton (D:6)
  4 hounds
  14 orc wizards
  28 orc priests
  5 iguanas
  10 worker ants
  A lightning spire (Gauntlet)
  A big kobold zombie (Ossuary)
  A hound skeleton (D:8)
  A hound zombie (D:6)
  8 mummies (Ossuary)
  2 howler monkey zombies
  Robin (D:3)
  A worker ant zombie (D:7)
  9 gnolls
  12 adders
  A shadow imp (D:12)
  3 oozes
  2 adder skeletons
  2 adder zombies
  4 worms
  3 dart slugs
  A leopard gecko (D:2)
  80 orcs
  2 bats (D:2)
  3 giant cockroaches
  13 hobgoblins
  10 jackals
  18 kobolds
  5 quokkas
  2 ball pythons
  7 frilled lizards
  18 goblins
  2 hobgoblin zombies (Ossuary)
  A jackal skeleton (D:4)
  3 kobold zombies (Ossuary)
  2 orc zombies (Ossuary)
  3 rats
  A bush (D:4)
611 creatures vanquished.

Vanquished Creatures (collateral kills)
  A porcupine (Lair:5)
  An orc warrior (Orc)
2 creatures vanquished.

Vanquished Creatures (others)
  2 humans (D:12)
  2 fungi (Lair:5)
  22 plants
  5 toadstools (D:1)
31 creatures vanquished.

Grand Total: 644 creatures vanquished

Notes
Turn   | Place    | Note
-------+----------+-------------------------------------------
     0 | D:1      | Morbidden the Skeleton Fighter began the quest for the Orb.
     0 | D:1      | Reached XP level 1. HP: 14/14 MP: 1/1
   485 | D:1      | Reached XP level 2. HP: 17/19 MP: 3/3
   625 | D:1      | Reached skill level 1 in Spellcasting
   993 | D:2      | Reached XP level 3. HP: 19/23 MP: 3/5
  1185 | D:2      | Found an iron altar of Okawaru.
  1565 | D:2      | Reached XP level 4. HP: 28/28 MP: 6/6
  1864 | D:3      | Reached skill level 4 in Shields
  2012 | D:3      | Reached XP level 5. HP: 32/32 MP: 8/8
  2164 | D:3      | Noticed Robin
  2170 | D:3      | Killed Robin
  2191 | D:3      | Reached skill level 5 in Axes
  2704 | D:4      | Gained mutation: You regenerate a little health from kills.
                  | [Skeleton growth]
  2704 | D:4      | Reached XP level 6. HP: 35/38 MP: 8/10
  2848 | D:4      | Noticed Eustachio
  2863 | D:3      | Reached skill level 1 in Dodging
  2898 | D:4      | Noticed Pikel
  3009 | D:3      | Killed Eustachio
  3010 | D:3      | Reached XP level 7. HP: 39/43 MP: 9/12
  3197 | D:4      | Killed Pikel
  3198 | D:4      | Reached skill level 5 in Shields
  3198 | D:4      | Reached XP level 8. HP: 44/48 MP: 10/14
  3355 | D:4      | Noticed Edmund
  3386 | D:4      | Killed Edmund
  3619 | D:4      | Found a glowing golden altar of the Shining One.
  3741 | D:5      | Entered Level 5 of the Dungeon
  3762 | D:5      | Reached skill level 6 in Shields
  4048 | D:5      | Noticed a hippogriff
  4277 | D:5      | Reached skill level 5 in Armour
  4350 | D:5      | Reached skill level 5 in Spellcasting
  4562 | D:5      | Killed a hippogriff
  4563 | D:5      | Reached skill level 5 in Fighting
  4563 | D:5      | Reached XP level 9. HP: 44/54 MP: 11/16
  4649 | D:6      | Got a fine long sword
  4719 | D:5      | Reached skill level 7 in Shields
  4725 | D:5      | Reached skill level 10 in Axes
  4740 | D:6      | Identified the +11 long sword of the Saving Boar {drain,
                  | Stlth+} (You found it on level 6 of the Dungeon)
  4788 | D:6      | Noticed a gargoyle
  4848 | D:6      | Killed a gargoyle
  4860 | D:6      | Reached skill level 1 in Long Blades
  4907 | D:6      | Identified a scroll of acquirement
  4907 | D:6      | Identified the ring "Itamaku" {Ice rElec Int+3} (You
                  | acquired it on level 6 of the Dungeon)
  4950 | D:6      | Found a sand-covered staircase.
  4957 | Ossuary  | Entered an ossuary
  5447 | D:7      | Reached skill level 8 in Shields
  5477 | D:7      | Found a stormy altar of Qazlal.
  5517 | D:7      | Found a staircase to the Ecumenical Temple.
  5522 | Temple   | Entered the Ecumenical Temple
  5740 | Temple   | Became a worshipper of Cheibriados the Contemplative
  5816 | D:7      | Gained mutation: Your movements are less encumbered by
                  | armour. (ER -4) [Skeleton growth]
  5816 | D:7      | Reached XP level 10. HP: 35/60 MP: 13/20
  5921 | D:7      | Reached * piety under Cheibriados
  6019 | D:7      | Reached skill level 1 in Invocations
  6184 | D:7      | Found a staircase to the Lair.
  6188 | D:7      | Noticed an elephant
  6194 | D:7      | Killed an elephant
  6367 | D:7      | Found a glowing silver altar of Zin.
  6553 | D:7      | Reached ** piety under Cheibriados
  6732 | D:8      | Noticed Prince Ribbit
  6744 | D:8      | Killed Prince Ribbit
  6745 | D:8      | Reached skill level 5 in Long Blades
  6745 | D:8      | Reached skill level 9 in Shields
  6867 | D:8      | Found a snail-covered altar of Cheibriados.
  6996 | D:8      | Noticed Maurice
  7008 | D:8      | Killed Maurice
  7013 | D:8      | Found a sparkling altar of Nemelex Xobeh.
  7015 | D:8      | Found a corrupted altar of Lugonu.
  7021 | D:8      | Found a hide-covered altar of Uskayaw.
  7022 | D:8      | Found an ornate altar of the Wu Jian Council.
  7022 | D:8      | Found a shimmering blue altar of Sif Muna.
  7022 | D:8      | Found a blossoming altar of Fedhas.
  7022 | D:8      | Found a white marble altar of Elyvilon.
  7210 | D:8      | Found a runed translucent gate.
  7210 | D:8      | Found a runed translucent gate.
  7211 | D:8      | Found a runed translucent gate.
  7213 | D:8      | Noticed wpisznazwe's ghost (novice DsGl)
  7690 | D:9      | Reached skill level 5 in Dodging
  7784 | D:9      | Reached XP level 11. HP: 66/66 MP: 12/22
  7797 | D:9      | Reached *** piety under Cheibriados
  8064 | D:9      | Found Bauryga's Antique Weapon Shoppe.
  8066 | D:9      | Found a radiant altar of Vehumet.
  8077 | D:9      | Found a burning altar of Makhleb.
  8152 | D:9      | Reached skill level 1 in Throwing
  8307 | D:10     | Entered Level 10 of the Dungeon
  8370 | D:10     | Noticed Urug
  8385 | D:10     | Killed Urug
  8797 | D:10     | Reached skill level 10 in Shields
  9221 | D:11     | Reached **** piety under Cheibriados
  9663 | D:11     | Noticed a deep elf mage
  9687 | D:11     | Killed a deep elf mage
  9702 | D:11     | Noticed Psyche
  9713 | D:11     | Killed Psyche
  9714 | D:11     | Reached skill level 1 in Stealth
  9973 | D:11     | Noticed a skeletal warrior
  9988 | D:11     | Killed a skeletal warrior
 10130 | Lair:1   | Entered Level 1 of the Lair of Beasts
 10152 | Lair:1   | Noticed Erica
 10169 | Lair:1   | Killed Erica
 10170 | Lair:1   | Reached XP level 12. HP: 69/72 MP: 23/25
 10371 | Lair:1   | Reached ***** piety under Cheibriados
 10527 | Lair:1   | Noticed a five-headed hydra
 10536 | Lair:1   | Killed a one-headed hydra
 10537 | Lair:1   | Reached skill level 11 in Shields
 10599 | Lair:1   | Noticed Fannar
 10606 | Lair:1   | Killed Fannar
 11469 | Lair:2   | Found a runed translucent door.
 11469 | Lair:2   | Found a shimmering altar of Xom.
 11469 | Lair:2   | Noticed LostNumber's ghost (journeyman FrFi)
 11806 | Lair:3   | Reached skill level 5 in Invocations
 11816 | Lair:3   | Noticed a four-headed hydra
 11829 | Lair:3   | Killed a one-headed hydra
 11830 | Lair:3   | Reached skill level 10 in Spellcasting
 12051 | Lair:3   | Learned a level 6 spell: Bolt of Cold
 12146 | Lair:3   | Reached skill level 1 in Ice Magic
 12413 | Lair:3   | Found a runed translucent gate.
 12413 | Lair:3   | Found a runed translucent gate.
 12413 | Lair:3   | Found a runed translucent gate.
 12418 | Lair:3   | Noticed Adamkad1's ghost (journeyman DrTm)
 13026 | Lair:4   | Noticed Nergalle
 13047 | Lair:4   | Killed Nergalle
 13048 | Lair:4   | Reached XP level 13. HP: 58/78 MP: 21/27
 13114 | Lair:4   | Found a staircase to the Shoals.
 13139 | Lair:4   | Reached skill level 12 in Shields
 13303 | Lair:4   | Got an ancient whip
 13436 | Lair:4   | Found a hole to the Spider Nest.
 13441 | Lair:4   | Reached skill level 1 in Conjurations
 13841 | Lair:5   | Reached ****** piety under Cheibriados
 13936 | Lair:5   | Learned a level 3 spell: Vampiric Draining
 14234 | Lair:5   | Reached skill level 1 in Necromancy
 14565 | Lair:5   | Found the +8 salamander hide armour {+Fog rF++ rC-}
 14647 | Lair:6   | Entered Level 6 of the Lair of Beasts
 14668 | Lair:6   | Reached skill level 10 in Long Blades
 14700 | Lair:6   | Found a staircase to the Slime Pits.
 14700 | Lair:6   | Found a viscous altar of Jiyva.
 14749 | Lair:6   | Identified the +7 whip of the Sea {freeze, +Blink rPois
                  | rC++ Dex-3} (You found it on level 4 of the Lair of Beasts)
 15410 | Lair:6   | Reached skill level 13 in Shields
 15548 | Lair:6   | Reached XP level 14. HP: 84/84 MP: 27/29
 15995 | D:12     | Entered Level 12 of the Dungeon
 16024 | D:12     | Noticed Kirke
 16036 | D:12     | Killed Kirke
 16130 | D:12     | Found a runed translucent gate.
 16130 | D:12     | Found a runed translucent gate.
 16130 | D:12     | Found a runed translucent gate.
 16131 | D:12     | Noticed KristoblXynda's ghost (journeyman SpSk)
 16150 | D:12     | Noticed Nessos
 16165 | D:12     | Noticed Josephine
 16171 | D:12     | Found a gate leading to a gauntlet.
 16189 | D:12     | Killed Nessos
 16192 | Gauntlet | Entered a Gauntlet
 16192 | Gauntlet | Found a transporter.
 16192 | Gauntlet | Found a transporter.
 16240 | Gauntlet | Found a transporter.
 16244 | Gauntlet | Found a transporter.
 16254 | Gauntlet | Found a transporter.
 16258 | Gauntlet | Found a transporter.
 16268 | Gauntlet | Found a transporter.
 16275 | Gauntlet | Found a transporter.
 16293 | Gauntlet | Found a transporter.
 16297 | Gauntlet | Found a transporter.
 16307 | Gauntlet | Found a transporter.
 16311 | Gauntlet | Found a transporter.
 16363 | Gauntlet | Identified the ring "Zyifoiff" {*Corrode rPois Int+9 Dex+3}
 16501 | Gauntlet | Got a scintillating platinum ring
 16509 | Gauntlet | Identified the ring of the Leaf {+Fly Str+4} (You found it
                  | in a Gauntlet)
 16650 | Gauntlet | Got a twisted chain mail
 16769 | Gauntlet | Identified the +1 chain mail of Valiance {rC+ MR+} (You
                  | found it in a Gauntlet)
 16838 | D:12     | Noticed Jorgrun
 17519 | D:11     | Found a staircase to the Orcish Mines.
 17815 | D:11     | Found a white marble altar of Elyvilon.
 17952 | Orc      | Entered the Orcish Mines
 17968 | Orc      | Reached skill level 14 in Shields
 18182 | Orc      | Found a roughly hewn altar of Beogh.
 18269 | Orc      | Found Hatereih's Jewellery Emporium.
 18279 | Orc      | Found Baalot's Distillery.
 18493 | Orc      | Noticed an orc warlord
 18508 | Orc      | Killed an orc warlord
 18509 | Orc      | Reached skill level 5 in Ice Magic
 18523 | Orc      | Found a roughly hewn altar of Beogh.
 18704 | Orc      | Found Cyica's Magic Scroll Shop.
 18718 | Orc      | Bought a scroll of teleportation for 48 gold pieces
 18718 | Orc      | Bought a scroll of teleportation for 48 gold pieces
 18718 | Orc      | Bought a scroll of teleportation for 48 gold pieces
 18718 | Orc      | Bought a scroll of teleportation for 48 gold pieces
 18745 | Orc      | Noticed Azrael
 18754 | Orc      | Killed Azrael
 18757 | Orc      | Reached XP level 15. HP: 87/90 MP: 26/30
 18768 | Orc      | Found Siqi Cua's Armour Boutique.
 19026 | Orc      | Reached skill level 5 in Conjurations
 19139 | Orc      | Found a staircase to the Elven Halls.
 19208 | Orc      | Reached skill level 10 in Armour
 19483 | Orc      | Bought a scroll of acquirement for 832 gold pieces
 19483 | Orc      | Bought a scroll of enchant armour for 120 gold pieces
 19484 | Orc      | Identified the ring "Liribup" {MP+9 AC+2} (You acquired it
                  | in the Orcish Mines)
 19484 | Orc      | Identified Xeemmo's Incunabulum of Bewitching Arcane
                  | Weapons (You acquired it in the Orcish Mines)
 19979 | D:11     | Killed from afar by Josephine

Skill      XL: |  1  2  3  4  5  6  7  8  9 10 11 12 13 14 15 |
---------------+----------------------------------------------+-----
Spellcasting   | 1 2 3 4 5 6 7 9 10 11 | 11.7
Axes           | 3 4 5 6 7 9 10 | 10.5
Shields        | 4 5 6 8 9 10 11 13 14 | 14.7
Dodging        | 1 2 3 4 5 6 7 8 |  8.3
Fighting       | 4 5 6 7 8 9 |  9.3
Armour         | 4 5 6 7 8 9 10 | 10.0
Long Blades    | 2 6 8 9 10 11 | 11.3
Invocations    | 2 4 5 6 7 |  7.1
Throwing       | 2 |  2.9
Stealth        | 1 |  1.6
Ice Magic      | 1 3 5 |  5.2
Conjurations   | 3 4 5 |  5.0
Necromancy     | 3 4 |  4.7

Action                   |  1- 3 |  4- 6 |  7- 9 | 10-12 | 13-15 || total
-------------------------+-------+-------+-------+-------+-------++-------
Melee: War axe           |   113 |   266 |   275 |       |    10 ||   664
       Long sword        |       |       |   101 |   612 |   820 ||  1533
       Scimitar          |       |       |       |    12 |    35 ||    47
Throw: Tomahawk          |       |       |       |    69 |    31 ||   100
       Javelin           |       |       |       |       |     5 ||     5
Invok: Slouch            |       |       |       |       |     3 ||     3
Evoke: Wand              |       |       |     1 |     2 |       ||     3
       Box of beasts     |       |       |       |       |     1 ||     1
       Phial of floods   |       |       |       |       |     1 ||     1
  Use: Scroll            |     1 |     1 |     9 |     7 |    15 ||    33
 Stab: Sleeping          |       |       |       |     2 |     1 ||     3
       Petrified         |       |       |       |       |     4 ||     4
Armor: Scale mail        |    35 |    91 |    14 |       |       ||   140
       Chain mail        |       |       |   105 |   150 |     9 ||   264
       Gold dragon scale |       |       |       |       |   184 ||   184
Dodge: Dodged            |    60 |   114 |   157 |   372 |   469 ||  1172
Block: Medium shield     |    64 |   151 |   207 |   600 |   975 ||  1997
